 Dungeon Crawl Stone Soup version 0.15-a0-1909-gd9acbb9 (console) character file.

1051 MrRokkomies the Slasher (level 8, 0/56 HPs)
             Began as a Formicid Warper on July 6, 2014.
             Was an Initiate of Okawaru.
             Slain by a hippogriff (3 damage)
             ... on Level 7 of the Dungeon.
             The game lasted 00:28:18 (5860 turns).

MrRokkomies the Slasher (Formicid Warper)           Turns: 5860, Time: 00:28:18

HP   0/56        AC 12     Str 18      XL: 8   Next: 50%
MP  14/16        EV  8     Int 15      God: Okawaru [......]
Gold 258         SH  0     Dex 10      Spells:  4 memorised,  1 level left

rFire  + . .     SeeInvis +     a - +0 falchion
rCold  . . .     Clarity  .     m - +3 scale mail {rF+}
rNeg   . . .     rCorr    .     (no shield)
rPois  +         rRot     .     (helmet unavailable)
rElec  .         Spirit   .     l - +1 cloak
SustAb .         Warding  .     (no gloves)
rMut   .         Stasis   +     (no boots)
Gourm  .                        (no amulet)
MR     .....                    t - +2 ring of strength
                                h - ring of poison resistance

@: very slightly contaminated, not resistant to hostile enchantments, extremely
unstealthy
A: permanent stasis, dig shafts and tunnels, four strong arms, antennae 3
a: Dig, Shaft Self, Renounce Religion


You were on level 7 of the Dungeon.
You worshipped Okawaru.
Okawaru was noncommittal.
You were not hungry.

You visited 1 branch of the dungeon, and saw 5 of its levels.
You also visited: Ossuary.

You collected 258 gold pieces.

Inventory:

Hand weapons
 a - a +0 falchion (weapon)
 b - a +1 crossbow
 d - a cursed +0 blowgun
Missiles
 e - a tomahawk
 j - a javelin (quivered)
 k - 13 sling bullets
 o - 27 bolts
 v - 29 poisoned needles
Armour
 l - a +1 cloak (worn)
 m - a +3 scale mail of fire resistance (worn)
Comestibles
 f - 3 bread rations
 r - 5 fruits
 z - a beef jerky
Scrolls
 i - a scroll of enchant weapon
 q - a scroll of immolation
 s - a scroll of magic mapping
Jewellery
 h - a ring of poison resistance (left hand)
 n - an uncursed ring of magical power
 t - a +2 ring of strength (right hand)
Potions
 g - 3 potions of brilliance
 p - 2 potions of haste
 u - a potion of mutation {unknown}
 w - a potion of heal wounds {unknown}
Books
 c - a book of Spatial Translocations

   Spells                             Type                      Level
   *Apportation                       Translocation                1
   Blink                              Translocation                2
   *Shroud of Golubria                Charms/Translocation         2
   *Portal Projectile                 Translocation                3
   Teleport Other                     Translocation                3
   *Passage of Golubria               Translocation                4


   Skills:
 - Level 2.1 Fighting
 + Level 7.2 Long Blades
 * Level 3.1 Crossbows
 - Level 0.7 Throwing
 - Level 5.4 Armour
 - Level 1.7 Dodging
 - Level 2.1 Spellcasting
 - Level 3.1 Translocations


You had one spell level left.
You knew the following spells:

 Your Spells              Type           Power        Failure   Level  Hunger
a - Apportation           Tloc           ##........   17%         1    #......
b - Shroud of Golubria    Chrm/Tloc      #.........   52%         2    ###....
c - Passage of Golubria   Tloc           N/A          99%         4    #####..
d - Portal Projectile     Tloc           ##....       56%         3    ####...


Dungeon Overview and Level Annotations

Branches:
Dungeon (7/15)             Temple (0/1) D:4

Altars:
Okawaru
Sif Muna
Trog
Xom


Innate Abilities, Weirdness & Mutations

Your are under a permanent stasis effect.
You can dig through walls and to a lower floor.
Your four strong arms can wield two-handed weapons with a shield.
You have a pair of large antennae on your head (SInv).


Message History

Casting: Shroud of Golubria
Confirm with . or Enter, or press ? or * to list all spells.
You miscast Shroud of Golubria.
You are very lightly contaminated with residual magic.
Strange energies run through your body. The hippogriff bites you.
* * * LOW HITPOINT WARNING * * *
The hippogriff pecks you.
* * * LOW HITPOINT WARNING * * *
The hippogriff claws you but does no damage.
You slash the hippogriff!
The hippogriff is almost dead.
The hippogriff bites you.
* * * LOW HITPOINT WARNING * * *
The hippogriff pecks you but does no damage.
The hippogriff closely misses you.
You hit the hippogriff.
The hippogriff is almost dead.
The hippogriff bites you but does no damage.
The hippogriff pecks you.
You die...

##...### ##........
###.......# .........#
#.......# #.....# ###
#....#
#....####.###### ##
#......@.......# #...
#......H#[......##....
.......#.......#......
.......#..............
.......#.......#......
......#.......##....
...(.#.......###...
(######..........#
##.........#


You could see a hippogriff.

Vanquished Creatures
  A hippogriff (D:3)
  Purgy (D:3)
  An ogre (D:4)
  4 crimson imps (D:3)
  A centaur zombie (Ossuary)
  2 hounds
  An orc wizard (D:4)
  Natasha (D:3)
  2 iguanas (D:4)
  3 worker ants (D:4)
  Ijyb (D:3)
  3 big kobold zombies (Ossuary)
  Terence (D:3)
  4 mummies (Ossuary)
  A worker ant zombie (D:7)
  9 adders
  A giant mite (D:3)
  4 worms
  An ooze (D:2)
  3 giant geckos (D:2)
  5 orcs
  3 giant cockroaches (D:1)
  6 hobgoblins
  13 kobolds
  2 quokkas
  3 ball pythons (D:3)
  8 bats
  4 giant newts
  13 goblins
  A goblin skeleton (D:4)
  A hobgoblin skeleton (D:4)
  3 hobgoblin zombies (Ossuary)
  2 jackals (D:4)
  A kobold skeleton (D:4)
  An orc skeleton (D:4)
  15 rats
126 creatures vanquished.

Notes
Turn   | Place    | Note
--------------------------------------------------------------
     0 | D:1      | MrRokkomies, the Formicid Warper, began the quest for the Orb.
     0 | D:1      | Reached XP level 1. HP: 16/16 MP: 3/3
   155 | D:1      | Reached XP level 2. HP: 22/22 MP: 5/5
   157 | D:1      | Reached skill level 3 in Translocations
   458 | D:1      | Learned a level 2 spell: Shroud of Golubria
   542 | D:2      | Reached XP level 3. HP: 27/27 MP: 7/7
  1067 | D:2      | Reached XP level 4. HP: 30/33 MP: 8/8
  1867 | D:2      | Reached XP level 5. HP: 27/38 MP: 11/11
  2046 | D:2      | Found a deep blue altar of Sif Muna.
  2394 | D:3      | Noticed Terence
  2407 | D:3      | Killed Terence
  2658 | D:3      | Noticed Purgy
  2709 | D:3      | Killed Purgy
  2709 | D:3      | Reached skill level 4 in Long Blades
  2709 | D:3      | Reached XP level 6. HP: 9/44 MP: 12/12
  2964 | D:3      | Learned a level 4 spell: Passage of Golubria
  3084 | D:3      | Noticed Natasha
  3088 | D:3      | Killed Natasha
  3323 | D:3      | Noticed Ijyb
  3335 | D:3      | Killed Ijyb
  3372 | D:3      | Found a shimmering altar of Xom.
  3503 | D:3      | Noticed a hippogriff
  3517 | D:3      | Killed a hippogriff
  3517 | D:3      | Reached skill level 5 in Armour
  3517 | D:3      | Reached XP level 7. HP: 29/50 MP: 14/14
  3569 | D:3      | Reached skill level 5 in Long Blades
  3601 | D:3      | Found a bloodstained altar of Trog.
  3664 | D:3      | Found an iron altar of Okawaru.
  3670 | D:3      | Became a worshipper of Warmaster Okawaru
  3779 | D:3      | Reached skill level 1 in Crossbows
  3983 | D:3      | Learned a level 3 spell: Portal Projectile
  4213 | D:4      | Found a staircase to the Ecumenical Temple.
  4349 | D:4      | Reached skill level 6 in Long Blades
  4349 | D:4      | Reached XP level 8. HP: 56/56 MP: 16/16
  4689 | D:4      | Found a sand-covered staircase.
  4699 | Ossuary  | Entered an ossuary
  4721 | Ossuary  | Acquired Okawaru's first power
  5575 | D:4      | Reached skill level 7 in Long Blades
  5585 | D:4      | You fall through a shaft for 3 floors!
  5859 | D:7      | HP: 2/56 [hippogriff (4)]
  5860 | D:7      | Slain by a hippogriff

Action                   |  1- 3 |  4- 6 |  7- 9 || total
-------------------------+-------+-------+-------++-------
Melee: Falchion          |   109 |   215 |   321 ||   645
 Fire: Blowgun           |       |    31 |    34 ||    65
       Crossbow          |       |       |    16 ||    16
Throw: Tomahawk          |    13 |    21 |    15 ||    49
       Javelin           |       |       |     5 ||     5
 Abil: Shaft Self        |       |       |     1 ||     1
  Use: Scroll            |     5 |     5 |     6 ||    16
       Potion            |       |     4 |     3 ||     7
  Eat: Chunk             |       |     9 |     6 ||    15
       Fruit             |       |       |     3 ||     3
